 Dungeon Crawl Stone Soup version 0.30-a0-800-g7c544603b3 (webtiles) character file.

Game seed: 17471132567944541018

26 xian the Firebug (level 2, 0/19 HPs)
             Began as a Demonspawn Fire Elementalist on Feb 21, 2023.
             Slain by a gnoll
             ... wielding a +0 flail
              (8 damage)
             ... on level 2 of the Dungeon.
             The game lasted 00:02:44 (1385 turns).

xian the Firebug (Demonspawn Fire Elementalist)     Turns: 1385, Time: 00:02:45

Health: 0/19       AC:  2    Str:  8    XL:     2   Next: 89%
Magic:  2/5        EV: 12    Int: 16    God:
Gold:   73         SH:  0    Dex: 13    Spells: 2/5 levels left

rFire   . . .      SeeInvis .    h - +0 dagger
rCold   . . .      Faith    .    (no shield)
rNeg    . . .      Spirit   .    a - +0 robe
rPois   .          Reflect  .    (helmet restricted)
rElec   .          Harm     .    (no cloak)
rCorr   .          Rampage  .    (no gloves)
Will    .....                    (no boots)
Stlth   ++                       (no amulet)
HPRegen 0.23/turn                (no ring)
MPRegen 0.09/turn                (no ring)

@: no status effects
A: horns 1
a: no special abilities


You were on level 2 of the Dungeon.
You visited 1 branch of the dungeon, and saw 2 of its levels.

You collected 73 gold pieces.

Inventory:

Hand Weapons
 h - a +0 dagger (weapon)
Armour
 a - a +0 robe (worn)
Scrolls
 c - 2 scrolls of teleportation {unknown}
 d - a scroll of identify {unknown}
Potions
 b - a potion of magic
 e - a potion of haste {unknown}
 g - a potion of flight {unknown}


   Skills:
 + Level 2.1 Dodging
 + Level 2.0 Stealth
 + Level 2.3 Spellcasting
 + Level 1.0 Conjurations
 + Level 3.1 Fire Magic


You had 2 spell levels left.
You knew the following spells:

 Your Spells              Type           Power      Damage    Failure   Level
a - Foxfire               Conj/Fire      32%        2x1d5     9%          1
b - Scorch                Fire           24%        2d6       9%          2

Your spell library contained the following spells:

 Spells                   Type           Power      Damage    Failure   Level
 Inner Flame              Hex/Fire       6%         N/A       30%         3
 Ignite Poison            Fire/Tmut/Pois 5%         N/A       36%         3
 Kindle Blastsparks       Fire/Tloc/Air  10%        2d10      36%         3
 Flame Wave               Conj/Fire      8%         2d5       63%         4
 Sticky Flame             Conj/Fire      8%         2d3       63%         4
 Ignition                 Fire           6%         3d4       100%        8


Dungeon Overview and Level Annotations

Branches:
Dungeon (2/15)

Altars:


Innate Abilities, Weirdness & Mutations

You have a pair of small horns on your head.


Message History

A ball python comes into view.
A gnoll comes into view. It is wielding a +0 whip.
The gnoll moves out of view.
A gnoll comes into view. It is wielding a +0 flail.
The gnoll shouts!
The bat hits you but does no damage. The bat attacks as you move away!
The bat barely misses you. The bat misses you. The bat misses you.
The bat attacks as you move away! The bat misses you.
The bat closely misses you. The bat hits you but does no damage.
The bat hits you but does no damage. The bat attacks as you move away!
The bat barely misses you. The bat closely misses you. The bat misses you.
The bat hits you but does no damage. The bat barely misses you.
The bat attacks as you move away! The bat closely misses you. x2
The bat misses you.
You conjure some foxfire!
The bat barely misses you.
The gnoll throws a throwing net.
The throwing net closely misses you.
The throwing net hits the bat.
The bat is caught in the net!
The bat struggles against the net.
You conjure some foxfire!
The foxfire hits the bat.
The bat is severely wounded.
The foxfire hits the bat.
You kill the bat!
The gnoll hits you from afar with a +0 spear.
You conjure some foxfire!
The foxfire hits the gnoll but does no damage. x2
The gnoll closely misses you.
The foxfire hits the gnoll.
The gnoll is moderately wounded.
The foxfire hits the gnoll.
The gnoll is moderately wounded.
The gnoll throws a throwing net.
The throwing net barely misses you.
The gnoll hits you from afar with a +0 spear.
The gnoll hits you from afar with a +0 spear.
The gnoll attacks as you move away! The gnoll hits you with a +0 flail!
You die...

#......# #......#
###......#
#.(......#
#......# #...(..#
#......# ...
###.gg.## ....
######@#...# ....
#....<.##g.#.....
#.#######..#.....
.# #......... ...
#####......... ..
#....g.#......
#.##)..g.#...####
#........#.#.#
.##.......#.#.#


You could see 2 gnolls.

Vanquished Creatures
  2 bats
  An endoplasm (D:1)
  A giant cockroach (D:1)
  2 goblins
  2 hobgoblins (D:1)
  4 jackals (D:1)
  4 ball pythons (D:1)
  2 frilled lizards (D:1)
  A kobold (D:1)
  5 rats (D:1)
24 creatures vanquished.

Vanquished Creatures (others)
  76 foxfires
76 creatures vanquished.

Grand Total: 100 creatures vanquished

Notes
Turn   | Place    | Note
-------+----------+-------------------------------------------
     0 | D:1      | xian the Demonspawn Fire Elementalist began the quest for
                  | the Orb.
     0 | D:1      | Reached XP level 1. HP: 13/13 MP: 3/3
   509 | D:1      | Discovered your monstrous ancestry.
   509 | D:1      | Gained mutation: You have a pair of small horns on your
                  | head. [demonic ancestry]
   509 | D:1      | Reached XP level 2. HP: 19/19 MP: 1/5
   512 | D:1      | Learned a level 2 spell: Scorch
   563 | D:1      | Reached skill level 3 in Fire Magic
  1385 | D:2      | Slain by a gnoll

Illustrated notes

Levels and vault maps discovered:
D:1:      dpeg_arrival_water_altar, layout_basic, chequers_serial_rivers_micro_a
D:2:      layout_rooms, amcnicky_mini_pool_small, chequers_serial_rivers_small_3

Skill      XL: |  1  2 |
---------------+-------+-----
Fire Magic     | 3 |  3.1
Dodging        | 2 |  2.1
Stealth        | 2 |  2.0
Spellcasting   | |  2.3
Conjurations   | |  1.0

Action                     || total
---------------------------++-------
  Melee: Unarmed           ||    27
         Headbutt          ||     3
   Cast: Foxfire           ||    45
   Stab: Sleeping          ||     1
 Armour: Robe              ||    14
  Dodge: Dodged            ||    43

Table legend: (Time is in decaauts)
 A = Elapsed time spent in this place.
 B = Non-inter-level travel time spent in this place.
 C = Inter-level travel time spent in this place.
 D = Time resting spent in this place.
 E = Time spent auto-exploring this place.
 F = Levels seen in this place.
 G = Mean time per level.
                   A        B        C        D        E       F      G
               +--------+--------+--------+--------+--------+-----+--------+
         Total |   1388 |   1349 |     39 |     47 |   1085 |   2 |  694.0 |
       Dungeon |   1388 |   1349 |     39 |     47 |   1085 |   2 |  694.0 |
               +--------+--------+--------+--------+--------+-----+--------+

Top non-repeatable levels by time:
     D:1: 1321 daAuts
     D:2: 66 daAuts
